 Dungeon Crawl Stone Soup version 0.29-a0-284-gf9362112df (webtiles) character file.

Game seed: 8230335823666276995

25 sokol815 the Chopper (level 2, 0/24 HPs)
             Began as a Demonspawn Monk on Mar 28, 2022.
             Slain by a kobold
             ... wielding a +1 dagger of holy wrath
              (3 damage)
             ... on level 1 of the Dungeon.
             The game lasted 00:01:40 (968 turns).

sokol815 the Chopper (Demonspawn Monk)               Turns: 968, Time: 00:01:40

Health: 0/24       AC:  3    Str: 11    XL:     2   Next: 82%
Magic:  2/2        EV: 12    Int: 11    God:
Gold:   100        SH:  0    Dex: 15    Spells: 1/1 levels left

rFire   . . .      SeeInvis .   a - +0 hand axe
rCold   . . .      Faith    .   (no shield)
rNeg    . . .      Spirit   .   g - +0 leather armour
rPois   .          Reflect  .   (no helmet)
rElec   .          Harm     .   (no cloak)
rCorr   .          Rampage  .   (no gloves)
Will    .....                   (no boots)
Stlth   ++........              f - amulet of the acrobat
HPRegen 0.08/turn               (no ring)
MPRegen 0.08/turn               (no ring)

@: no status effects
A: hooves 1
a: no special abilities


You were on level 1 of the Dungeon.
You visited 1 branch of the dungeon, and saw 1 of its levels.

You collected 100 gold pieces.

Inventory:

Hand Weapons
 a - a +0 hand axe (weapon)
 h - a +0 hunting sling
   (You found it on level 1 of the Dungeon)
Armour
 b - a +0 robe
 g - a +0 leather armour (worn)
   (You found it on level 1 of the Dungeon)
Jewellery
 f - an amulet of the acrobat (around neck)
   (You found it on level 1 of the Dungeon)
Scrolls
 c - a scroll of teleportation {unknown}
 d - 2 scrolls of identify {unknown}
 i - a scroll of immolation {unknown}
Potions
 e - a potion of curing {unknown}
 G - a potion of ambrosia {!q}


   Skills:
 - Level 3.0 Fighting
 - Level 3.2 Axes
 - Level 2.6 Dodging
 - Level 1.7 Stealth
 * Level 1.4 Unarmed Combat


You had one spell level left.
You didn't know any spells.
Your spell library contained the following spells:

 Spells                   Type           Power      Damage    Failure   Level
 Slow                     Hex            0%         N/A       43%         1
 Call Canine Familiar     Summ           0%         N/A       80%         3
 Confusing Touch          Hex            0%         N/A       80%         3
 Portal Projectile        Hex/Tloc       0%         N/A       80%         3
 Vampiric Draining        Necr           0%         2d6       80%         3
 Leda's Liquefaction      Hex/Erth       0%         N/A       99%         4


Dungeon Overview and Level Annotations

Branches:
Dungeon (1/15)

Altars:


Innate Abilities, Weirdness & Mutations

You have large cloven feet.


Message History

No target in view!
You see here a +0 hunting sling.
h - a +0 hunting sling
i - a scroll labelled WIOD ZATETRO You now have 40 gold pieces (gained 19).
You open the door.
A kobold comes into view. It is wielding a +0 dagger.
The kobold shouts!
There is an open door here.
The kobold misses you.
You miss the kobold. You kick the kobold. The kobold misses you.
You completely miss the kobold. Your kick misses the kobold.
Your punch misses the kobold. The kobold hits you but does no damage.
You miss the kobold. You kick the kobold.
You kill the kobold!
No target in view!
No target in view!
Things that are here:
a +0 dagger; a kobold corpse You now have 54 gold pieces (gained 14).
You open the door.
There is an open door here.
A kobold and a hobgoblin come into view.
The hobgoblin shouts!
The kobold shouts!
You hit the hobgoblin. The hobgoblin barely misses you.
The hobgoblin closely misses you.
You hit the hobgoblin.
You kill the hobgoblin!
The kobold closely misses you.
You hit the kobold. You kick the kobold.
You kill the kobold!
No target in view!
No target in view!
Things that are here:
a +0 short sword; a kobold corpse You now have 71 gold pieces (gained 17).
You now have 81 gold pieces (gained 10).
You now have 90 gold pieces (gained 9).
A frilled lizard comes into view.
The helpless frilled lizard fails to defend itself.
You hit the frilled lizard.
You kill the frilled lizard!
No target in view!
No target in view!
There is an escape hatch in the floor here.
You open the door.
A hobgoblin comes into view.
There is an open door here.
The helpless hobgoblin fails to defend itself.
You hit the hobgoblin. Your kick misses the hobgoblin.
The hobgoblin hits you but does no damage.
You barely miss the hobgoblin. The hobgoblin hits you.
You take 3 damage, and have 21/24 hp.
You hit the hobgoblin. The hobgoblin hits you.
The hobgoblin closely misses you.
You take 3 damage, and have 18/24 hp.
You hit the hobgoblin.
You kill the hobgoblin!
No target in view!
No target in view!
You pick up a book of Debilitation and begin reading...
You add the spells Slow, Vampiric Draining and Confusing Touch to your library.
You open the door.
There is an open door here.
You enter the shallow water.
Moving in this stuff is going to be slow.
You enter the shallow water.
Moving in this stuff is going to be slow.
Found a stone staircase leading down.
Health restored: 24 You now have 100 gold pieces (gained 10).
A kobold comes into view.
It is wielding a +1 dagger of holy wrath.
The kobold shouts!
You barely miss the kobold. You kick the kobold, but do no damage.
The kobold hits you with a +1 dagger of holy wrath.
You convulse.
You take 4 damage, and have 20/24 hp.
You barely miss the kobold.
The kobold hits you with a +1 dagger of holy wrath.
You convulse.
You take 6 damage, and have 14/24 hp.
MASSIVE DAMAGE!!
You miss the kobold.
The kobold hits you with a +1 dagger of holy wrath.
You convulse.
You take 5 damage, and have 9/24 hp.
MASSIVE DAMAGE!!
You hit the kobold. Your kick misses the kobold.
The kobold hits you with a +1 dagger of holy wrath.
* * * LOW HITPOINT WARNING * * *
You convulse.
* * * LOW HITPOINT WARNING * * *
You take 5 damage, and have 4/24 hp.
MASSIVE DAMAGE!!
Unknown command.
You hit the kobold but do no damage. You kick the kobold, but do no damage.
The kobold hits you with a +1 dagger of holy wrath.
* * * LOW HITPOINT WARNING * * *
You convulse.
You die...

.###.####......##.# #.
#.#.## ###.#####.# ##.
##.## #.#####.# #.. ###
#.......#############.#
#.#####.............≈..
#.# #.####..≈≈≈≈≈≈≈≈≈
#.# #.# #.≈≈≈≈.≈≈.≈.
#.#####.####≈≈≈≈≈≈≈≈≈≈≈
#.##.K@....#≈≈≈≈≈≈≈≈≈≈≈
#.##.##....#≈≈≈≈#≈..≈..
.. # ####.#≈≈≈######..
#.#≈≈## ##. #.# #.
###.# ####. #...##
..##. #....## #.##.
#.....#### #.##.


You could see a kobold.

Vanquished Creatures
  A dart slug (D:1)
  3 ball pythons (D:1)
  An endoplasm (D:1)
  2 giant cockroaches (D:1)
  A goblin (D:1)
  4 hobgoblins (D:1)
  A bat (D:1)
  4 frilled lizards (D:1)
  3 kobolds (D:1)
  A rat (D:1)
21 creatures vanquished.

Notes
Turn   | Place    | Note
-------+----------+-------------------------------------------
     0 | D:1      | sokol815 the Demonspawn Monk began the quest for the Orb.
     0 | D:1      | Reached XP level 1. HP: 18/18 MP: 1/1
   138 | D:1      | Reached skill level 3 in Axes
   270 | D:1      | Discovered your monstrous ancestry.
   270 | D:1      | Gained mutation: You have large cloven feet. [demonic
                  | ancestry]
   270 | D:1      | Reached XP level 2. HP: 24/24 MP: 2/2
   502 | D:1      | Reached skill level 1 in Unarmed Combat
   967 | D:1      | HP: 4/24 [kobold/+1 dagger of holy wrath (3)]
   968 | D:1      | Slain by a kobold

Illustrated notes

Levels and vault maps discovered:
D:1:      minmay_arrival_stone_box, layout_loops_corners,
          chequers_serial_rivers_large_a

Skill      XL: |  1  2 |
---------------+-------+-----
Axes           | 3 |  3.2
Unarmed Combat | 1 |  1.4
Fighting       | |  3.0
Dodging        | |  2.6
Stealth        | |  1.7

Action                   || total
-------------------------++-------
Melee: Hand axe          ||    49
       Kick              ||     9
 Stab: Sleeping          ||     2
Armor: Robe              ||     4
       Leather armour    ||     2
Dodge: Dodged            ||    27

Table legend: (Time is in decaauts)
 A = Elapsed time spent in this place.
 B = Non-inter-level travel time spent in this place.
 C = Inter-level travel time spent in this place.
 D = Time resting spent in this place.
 E = Time spent auto-exploring this place.
 F = Levels seen in this place.
 G = Mean time per level.
                   A        B        C        D        E       F      G
               +--------+--------+--------+--------+--------+-----+--------+
         Total |    978 |    978 |      0 |     81 |    700 |   1 |  978.0 |
       Dungeon |    978 |    978 |      0 |     81 |    700 |   1 |  978.0 |
               +--------+--------+--------+--------+--------+-----+--------+

Top non-repeatable levels by time:
     D:1: 978 daAuts

Table legend:
 A = Kills in this place as a percentage of kills in entire the game.
 B = Kills by you in this place as a percentage of kills by you in the entire game.
 C = Kills by friends in this place as a percentage of kills by friends in the entire game.
 D = Other kills in this place as a percentage of other kills in the entire game.
 E = Experience gained in this place as a percentage of experience gained in the entire game.
 F = Experience gained in this place divided by the number of levels of this place that you have seen.
                   A       B       C       D       E      F
               +-------+-------+-------+-------+-------+----------------------
         Total | 100.0 | 100.0 |   N/A |   N/A | 100.0 |  36.0
       Dungeon | 100.0 | 100.0 |   N/A |   N/A | 100.0 |  36.0
               +-------+-------+-------+-------+-------+----------------------
